 Dungeon Crawl Stone Soup version 0.28.0-53-g5a82cb258f (console) character file.

Game seed: 7858707754223013095

138 erker the Sneak (level 5, -1/31 HPs)
             Began as an Octopode Earth Elementalist on July 9, 2022.
             Slain by an iron imp (7 damage)
             ... summoned by Natasha
             ... on level 3 of the Dungeon.
             The game lasted 00:05:42 (3244 turns).

erker the Sneak (Octopode Earth Elementalist)       Turns: 3244, Time: 00:05:43

Health: -1/31      AC:  1    Str:  7    XL:     5   Next: 21%
Magic:  6/8        EV: 13    Int: 20    God:
Gold:   87         SH:  0    Dex: 12    Spells: 5/8 levels left

rFire   . . .      SeeInvis .   a - +0 dagger (freeze)
rCold   . . .      Faith    .   (no shield)
rNeg    + . .      Spirit   .   (helmet restricted)
rPois   .          Reflect  .   (no amulet)
rElec   .          Harm     .   m - ring of positive energy
rCorr   .          Rampage  .   (no ring)
Will    .....                   (no ring)
Stlth   +++.......              (no ring)
HPRegen 0.10/turn               (no ring)
MPRegen 0.11/turn               (no ring)
                                (no ring)
                                (no ring)

@: slowed, very slow
A: almost no armour, amphibious, 8 rings, camouflage 1, gelatinous body 1,
(nimble swimmer 1), tentacles
a: no special abilities


You were on level 3 of the Dungeon.
You visited 1 branch of the dungeon, and saw 3 of its levels.

You collected 87 gold pieces.

Inventory:

Hand Weapons
 a - a +0 dagger of freezing (weapon)
 b - a +1 short sword of holy wrath
 h - a +0 rapier
Missiles
 e - 73 stones
 f - 6 poisoned darts
Jewellery
 c - a ring of poison resistance
 m - a ring of positive energy (left tentacle)
Scrolls
 d - 3 scrolls of amnesia {unknown}
 g - 2 scrolls of identify {unknown}
 i - 5 scrolls of teleportation {unknown}
 j - a scroll of fear {unknown}
 k - a scroll of immolation {unknown}
 l - a scroll of magic mapping {unknown}


   Skills:
 - Level 2.0 Short Blades
 - Level 2.0 Dodging
 - Level 4.0 Stealth
 - Level 2.0 Spellcasting
 + Level 3.8 Transmutations
 - Level 3.0 Earth Magic


You had 5 spell levels left.
You knew the following spells:

 Your Spells              Type           Power      Damage    Failure   Level
a - Sandblast             Erth           28%        2d8       4%          1
w - Passwall              Tmut/Erth      12%        N/A       6%          2

Your spell library contained the following spells:

 Spells                   Type           Power      Damage    Failure   Level
 Foxfire                  Conj/Fire      8%         2x1d4     16%         1
 Stone Arrow              Conj/Erth      16%        3d8       26%         3
 Petrify                  Tmut/Erth      15%        N/A       36%         4
 Conjure Flame            Conj/Fire      2%         6-21      43%         3
 Inner Flame              Hex/Fire       2%         N/A       43%         3
 Flame Wave               Conj/Fire      2%         2d4       83%         4


Dungeon Overview and Level Annotations

Branches:
Dungeon (3/15)

Altars:

Shops:
D:2 [   D:3 (

Annotations:
D:3 Natasha


Innate Abilities, Weirdness & Mutations

You cannot wear most types of armour.
You are amphibious.
You can wear up to eight rings at the same time.
Your skin changes colour to match your surroundings (Stealth+).
Your rubbery body absorbs attacks. (AC +1, EV +1)
((You are camouflaged when in or above water. (Stealth+)))
You have tentacles for arms and can constrict up to eight enemies at once.


Message History

Natasha wildly gestures.
Natasha's front paws start to glow.
A rat comes into view.
You hit Natasha but do no damage. Your grab misses Natasha.
Your squeeze misses Natasha.
Natasha mumbles some strange words.
You hit Natasha but do no damage. Your grab misses Natasha.
Natasha completely misses you.
You hit Natasha. You freeze Natasha. Your grab misses Natasha.
Natasha is moderately wounded.
The iron imp hits you. Natasha barely misses you.
You completely miss Natasha. Your grab misses Natasha.
Natasha is moderately wounded.
The iron imp hits you. Natasha claws you!
You hit Natasha. You freeze Natasha. Your grab misses Natasha.
Natasha is heavily wounded.
Natasha casts a spell at you.
You feel yourself slow down.
Casting: Passwall (safe; 6% risk of failure)
Confirm with . or Enter, or press ? or * to list all spells.
Aiming: Sandblast (safe; 4% risk of failure)
Press: ? - help, Shift-Dir - straight line, f - Natasha
Aim: Natasha (heavily wounded, 74% to hit)
The blast of sand hits Natasha.
Natasha is severely wounded.
The iron imp hits you.
Natasha wildly gestures.
Natasha's front paws start to glow.
Natasha drinks a potion.
Natasha is healed!
The iron imp closely misses you.
Casting: Sandblast (safe; 4% risk of failure)
Confirm with . or Enter, or press ? or * to list all spells.
Aiming: Sandblast (safe; 4% risk of failure)
Press: ? - help, Shift-Dir - straight line, f/p - Natasha
Aim: Natasha (74% to hit)
The blast of sand hits Natasha.
Natasha is moderately wounded.
Natasha claws you.
* * * LOW HITPOINT WARNING * * *
The iron imp hits you!
You die...

# #.r... #. ............ ...
.###.##..#............#
..^....................
...................#.#
.#∩.........###....(.#..#
.#........#..#....##....#
#..........#....#......#.### #...
##.h@5..##.....##.... #
..#.###.#..........##...#....
####.##....!.....................
.##..##....##............##......
..).###.#........###...####.#....
###...#...<......##...## #......
.####.#...##...#.##.#.######...##
....#.....##.#.................#
.............$......#....##..#.#


You could see an iron imp (summoned) and Natasha.

Vanquished Creatures
  An iguana (D:2)
  Natasha (D:3)
  3 adders (D:2)
  A worm (D:2)
  A dart slug (D:1)
  7 endoplasms
  6 giant cockroaches
  2 goblins
  3 hobgoblins (D:1)
  3 quokkas
  9 ball pythons
  4 bats (D:1)
  4 frilled lizards
  4 kobolds
  6 rats
55 creatures vanquished.

Notes
Turn   | Place    | Note
-------+----------+-------------------------------------------
     0 | D:1      | erker the Octopode Earth Elementalist began the quest for
                  | the Orb.
     0 | D:1      | Reached XP level 1. HP: 11/11 MP: 3/3
   165 | D:1      | Reached skill level 3 in Stealth
   357 | D:1      | Reached XP level 2. HP: 17/17 MP: 1/5
   429 | D:1      | Reached skill level 4 in Stealth
   494 | D:1      | Found a faded altar of an unknown god.
  1171 | D:1      | Reached XP level 3. HP: 15/21 MP: 6/6
  1899 | D:2      | Reached skill level 1 in Short Blades
  1904 | D:2      | HP: 1/21 [endoplasm (2)]
  2242 | D:2      | Learned a level 2 spell: Passwall
  2251 | D:2      | Reached XP level 4. HP: 13/27 MP: 0/7
  2850 | D:2      | Found Ytaif's Armour Shoppe.
  3140 | D:3      | Found Sitio's Weapon Boutique.
  3179 | D:3      | Noticed Natasha
  3183 | D:3      | Noticed an air elemental
  3191 | D:3      | Killed Natasha
  3192 | D:3      | Reached XP level 5. HP: 28/31 MP: 8/8
  3234 | D:3      | Noticed Natasha
  3244 | D:3      | Slain by an iron imp

Illustrated notes

Levels and vault maps discovered:
D:1:      psy_arrival_radial02, layout_basic, ebering_ecumenical_altar_webs
D:2:      layout_loops_cross, serial_shops, nicolae_lakefront_shop,
          serial_aquarium, aquarium_bridge_square [aquarium_subvault_wall,
          aquarium_subvault_window, aquarium_subvault_balcony,
          aquarium_subvault_bridge], aquarium_window_2,
          aquarium_window_corridor_1, aquarium_window_corner, aquarium_view_2c,
          aquarium_balcony_3b
D:3:      layout_rooms, nicolae_ru_great_annihilating_truth,
          mainiacjoe_overflow_concentric_impassable,
          nicolae_qazlal_style_of_elements, serial_shops, shop,
          serial_bayou_pond_d, uniq_natasha

Skill      XL: |  1  2  3  4 |
---------------+-------------+-----
Stealth        | 3 4 |  4.0
Transmutations | 2 3 |  3.8
Short Blades   | 1 2 |  2.0
Dodging        | |  2.0
Spellcasting   | |  2.0
Earth Magic    | |  3.0

Action                   |  1- 3 |  4- 6 || total
-------------------------+-------+-------++-------
Melee: Unarmed           |    37 |       ||    37
       Constrict         |    17 |     3 ||    20
       Tentacles         |     8 |     8 ||    16
       Short sword       |    27 |    12 ||    39
       Dagger            |       |    21 ||    21
 Cast: Sandblast         |    20 |     2 ||    22
       Passwall          |     1 |     2 ||     3
 Stab: Sleeping          |    12 |     7 ||    19
       Distracted        |     1 |       ||     1
Armor: Skin              |     9 |     2 ||    11
Dodge: Dodged            |    46 |    14 ||    60
